cohdb
Replays
Latest Replays
All Replays
Popular Replays
Top Player Replays
Match Explorer
How It Works
Community
CoH3 Stats
Reddit
Sign in to upload your games and track your stats! →
Sign in with Steam
Match 40834652
Unlisted
Match 40834652
Overview
Messages
Build Orders
End
Kettenkrad Recon Vehicle
Construct Infanterie Kompanie
MG 42 Machine Gun Team
Selects Terror Battlegroup
Selects Machine Gun Camouflage
MG 42 Machine Gun Team
GrW 34 Mortar Team
GrW 34 Mortar Team
Infanterie Officer Quarters
Selects Interrogate
Construct Panzergrenadier Kompanie
MG 42 Machine Gun Team
Pak 40 Anti-tank Gun Team
Pak 40 Anti-tank Gun Team
Panzergrenadier Squad
Panzergrenadier Officer Quarters
Panzergrenadier Squad
251 Medium Carrier
Pioneer Squad
Selects Jericho Trumpet
Jericho Trumpet
Panzergrenadier Squad
DOLPHSTALLONE
EarlofGrey
MZMZ
jerjawe
Monkey CPU
💀Punisher💀
narrzilla
PH0BB05
0
0
Comments
sign in to comment!
No comments posted yet!